 Dungeon Sprint DCSS version 0.19-a0 (webtiles) character file.

422 Melicamp the Grappler (level 6, -1/65 HPs)
             Began as a Troll Monk on Apr 27, 2016.
             Was a Believer of Qazlal.
             Slain by Sonja
             ... wielding a +0 short sword of distortion
              (3 damage)
             ... in the Dungeon (Sprint I: "Red Sonja").
             The game lasted 00:04:40 (232 turns).

Melicamp the Grappler (Troll Monk)                   Turns: 232, Time: 00:04:41

Health: -1/65      AC:  5    Str: 22    XL:     6   Next: 63%
Magic:  5/5        EV: 12    Int:  6    God:    Qazlal [**....]
Gold:   312        SH:  2    Dex: 12    Spells: 0 memorised, 5 levels left

rFire  . . .     SeeInvis .       - Unarmed
rCold  . . .     Gourm    +     a - +0 robe
rNeg   . . .     Faith    .     (no shield)
rPois  .         Spirit   .     (helmet restricted)
rElec  .         Dismiss  .     (no cloak)
rCorr  .         Reflect  .     (gloves unavailable)
SustAt .         Harm     .     (boots unavailable)
MR     .....     NoTele   +     (no amulet)
Stlth  +.........               (no ring)
                                (no ring)

@: lethally poisoned (-1 -> -4), slowed, very slow, not resistant to hostile
enchantments, very unstealthy
A: unfitting armour, claws 3, fast metabolism 3, gourmand, regeneration 2,
shaggy fur 1, tough skin 2
a: Upheaval, Renounce Religion


You were in the Dungeon.
You worshipped Qazlal.
Qazlal was pleased with you.
You were not hungry.

You visited 1 branch You collected 312 gold pieces.

Inventory:

Armour
 a - a +0 robe (worn)
Scrolls
 h - a scroll of blinking
Potions
 c - a potion of curing
 e - a potion of haste
 f - 2 potions of magic
 g - a potion of berserk rage
Comestibles
 b - 2 bread rations


   Skills:
 + Level 4.9 Fighting
 * Level 6.4 Dodging
 - Level 1.4 Stealth
 * Level 11.7 Unarmed Combat


You had 5 spell levels left.
You didn't know any spells.

Dungeon Overview and Level Annotations

Branches:
Dungeon (1/1)

Altars:
Elyvilon
Gozag
Kikubaaqudgha
Makhleb
Nemelex Xobeh
Okawaru
Pakellas
Qazlal
Ru
Sif Muna
Trog
Vehumet
Xom
Yredelemnul
Zin
The Shining One

Shops:
D (

Annotations:
D Sonja


Innate Abilities, Weirdness & Mutations

You are too large for most types of armour.
You have claws for hands.
Your metabolism is lightning-fast.
You like to eat raw meat.
You heal very quickly.
You are covered in fur (AC +1).
You have very tough skin (AC +2).


Message History

You feel much better.
You feel sick.
Sonja shoots a curare-tipped needle.
The curare-tipped needle barely misses you.
You feel sick.
Sonja unwields an uncursed blowgun.
Sonja wields an uncursed short sword of distortion.
Its appearance distorts for a moment.
Sonja hits you with an uncursed short sword of distortion!
* * * LOW HITPOINT WARNING * * *
Sonja completely misses you. Sonja barely misses you.
Sonja hits you but does no damage. Space bends around you.
* * * LOW HITPOINT WARNING * * *
Sonja barely misses you.
Sonja hits you with an uncursed short sword of distortion!
* * * LOW HITPOINT WARNING * * *
You see here a curare-tipped needle.
You claw Sonja!
Sonja is heavily wounded.
* * * LOW HITPOINT WARNING * * *
You feel sick.
Sonja hits you with an uncursed short sword of distortion.
You die...

################
#<.#..').#..'..#
#..').#..').#..+
#..#####'#####'#
#..####..#...#.#
#..#__####..##(#
#..#_.___##'#..+
#⌠⌠#_.∩...'.(._#
####_..._##§@#+#
#_____###K#
####### #.# $.$
#$.$# ##.## #+#


You could see Sonja.

Vanquished Creatures
  Sigmund (D)
  A yak (D)
  An ogre (D)
  A jelly (D)
  Ijyb (D)
5 creatures vanquished.

Notes
Turn   | Place    | Note
--------------------------------------------------------------
     0 | D        | Melicamp the Troll Monk began the quest for the Orb.
     0 | D        | Reached XP level 1. HP: 22/22 MP: 0/0
     6 | D        | Noticed Ijyb
    19 | D        | Killed Ijyb
    19 | D        | Reached skill level 5 in Unarmed Combat
    19 | D        | Reached XP level 2. HP: 30/31 MP: 1/1
    23 | D        | Noticed an ogre
    28 | D        | Killed an ogre
    28 | D        | Reached skill level 7 in Unarmed Combat
    28 | D        | Reached XP level 3. HP: 39/39 MP: 2/2
    28 | D        | Reached XP level 4. HP: 48/48 MP: 3/3
    41 | D        | Noticed Sigmund
    52 | D        | Killed Sigmund
    52 | D        | Reached skill level 5 in Dodging
    52 | D        | Reached skill level 10 in Unarmed Combat
    52 | D        | Reached XP level 5. HP: 16/55 MP: 4/4
   134 | D        | Found a deep blue altar of Sif Muna.
   136 | D        | Found a radiant altar of Vehumet.
   143 | D        | Reached XP level 6. HP: 59/63 MP: 5/5
   157 | D        | Found Gerown's Weapon Emporium.
   157 | D        | Found a white marble altar of Elyvilon.
   157 | D        | Found a stormy altar of Qazlal.
   157 | D        | Found a burning altar of Makhleb.
   157 | D        | Found a sacrificial altar of Ru.
   157 | D        | Found an oddly glowing altar of Pakellas.
   157 | D        | Found a basalt altar of Yredelemnul.
   157 | D        | Found a glowing golden altar of the Shining One.
   157 | D        | Found a sparkling altar of Nemelex Xobeh.
   157 | D        | Found a shimmering altar of Xom.
   157 | D        | Found an opulent altar of Gozag.
   157 | D        | Found an ancient bone altar of Kikubaaqudgha.
   157 | D        | Found a glowing silver altar of Zin.
   157 | D        | Noticed a yak
   166 | D        | Killed a yak
   166 | D        | Reached skill level 11 in Unarmed Combat
   167 | D        | Found an iron altar of Okawaru.
   183 | D        | Found a bloodstained altar of Trog.
   212 | D        | Became a worshipper of Qazlal Stormbringer
   212 | D        | Reached * piety under Qazlal
   212 | D        | Reached ** piety under Qazlal
   221 | D        | Noticed Sonja
   232 | D        | HP: 2/65 [poisoned by Sonja (curare-tipped needle)]
   232 | D        | Slain by Sonja

Vault maps used:
D:        dungeon_sprint_1

Skill      XL: |  1  2  3  4  5  6 |
---------------+-------------------+-----
Fighting       | 3 4 |  4.9
Dodging        | 3 4 5 6 |  6.4
Unarmed Combat | 5 7 10 11 | 11.7
Stealth        | |  1.4

Action                   |  1- 3 |  4- 6 || total
-------------------------+-------+-------++-------
Melee: Unarmed           |    16 |    22 ||    38
  Use: Potion            |       |     1 ||     1
 Stab: Sleeping          |       |     1 ||     1
Armor: Robe              |     4 |     4 ||     8
Dodge: Dodged            |     6 |    10 ||    16
Block: Other             |       |     1 ||     1
